[Event "Early-Titled-Tuesday-Blitz-October-03-2023"]
[Site "Chess.com"]
[Date "2023.10.03"]
[Round "1"]
[White "nitpicker"]
[Black "TatjanaVasilevich"]
[Result "1/2-1/2"]
[WhiteElo "2256"]
[BlackElo "2584"]
[TimeControl "180+1"]
[EndTime "8:07:56 PDT"]
[Termination "Game drawn - insufficient material"]

1. d4 Nf6 2. c4 e6 3. g3 Bb4+ 4. Bd2 a5 5. Bg2 O-O 6. a3 Bxd2+ 7. Qxd2 d6 8. Nf3 Nc6 9. Nc3 e5 10. O-O Bg4 11. d5 Bxf3 12. exf3 Nd4 13. Rad1 Nd7 14. f4 f6 15. fxe5 fxe5 16. f4 Qe7 17. Rfe1 Nb3 18.
Qc2 Nbc5 19. Ne4 Nxe4 20. Rxe4 Nc5 21. Re2 Qf6 22. b4 axb4 23. axb4 Na6 24. fxe5 dxe5 25. Qc3 Rae8 26. Rde1 Qb6+ 27. c5 Qxb4 28. Qxb4 Nxb4 29.
Rxe5 Rxe5 30. Rxe5 Rd8 31. Re7 Na6 32. d6 cxd6 33.
Bd5+ Kf8 34. Rxb7 dxc5 35. Bc4 Nb4 36. Rf7+ Ke8 37. Rxg7 Rd1+ 38. Kg2 Rd2+ 39. Kh3 h6 40. Rc7 Rc2 41. Rxc5 Ke7 42. Rc8 Kd7 43. Rc5 Kd6 44. Rc8 Kd7 45. Rc5 Kd6 46. Rc8 h5 47. Ba6 Ra2 48. Bb7 Ra7 49. Bf3 Rh7 50. Rg8 Nd3 51. Rg5 Nf2+ 52. Kg2 Nd3 53. Rxh5 Ne1+ 54. Kf2 Nd3+ 55.
Ke3 Rxh5 56. Bxh5 Ne5 57. Bf3 Ke6 58. h3 Kf6 59. Kf4 Ng6+ 60. Kg4 Ne5+ 61. Kf4 Ng6+ 62.
Ke4 Kg5 63. h4+ Nxh4 64. gxh4+ Kxh4 1/2-1/2

[Event "Early-Titled-Tuesday-Blitz-October-03-2023"]
[Site "Chess.com"]
[Date "2023.10.03"]
[Round "1"]
[White "elmusmolamas"]
[Black "dropstoneDP"]
[Result "0-1"]
[WhiteElo "2517"]
[BlackElo "3120"]
[TimeControl "180+1"]
[EndTime "8:07:58 PDT"]
[Termination "dropstoneDP won by resignation"]

1. e4 e5 2. Nf3 Nf6 3. Nc3 Nc6 4. d4 exd4 5. Nxd4 Bb4 6. Nxc6 bxc6 7. Bd3 O-O 8. O-O d5 9. exd5 cxd5 10. Qf3 Bg4 11. Qg3 c5 12. h3 Bh5 13. Bg5 Bxc3 14. bxc3 c4 15. Bf5 Bg6 16. Qf3 Qb6 17. Bxg6 hxg6 18. Bxf6 Qxf6 19. Qxf6 gxf6 20. Rfd1 Rfb8 21. Rxd5 Rb2 22. Rd2 Rab8 23. Kh2 Kg7 24. f3 Re8 25. a4 Re3 26. Ra3 a5 27. Kg3 Re1 28. Kf2 Rc1 29. Ke3 Rcxc2 30. Rxc2 Rxc2 31. Kd4 Rxg2 32. Ra1 Rf2 33. Kxc4 Rxf3 34. Rc1 Rf5 35. Kd4 Kf8 36. c4 Ke7 37. Rb1 Rh5 38. Rb3 Kd6 39. Rb6+ Ke7 40.
Rb7+ Ke8 41. Rb8+ Kd7 42. Rb7+ Kc6 43. Rxf7 Rh4+ 44. Kc3 Rxh3+ 45. Kb2 Rf3 46. Ra7 Kb6 47.
Ra8 g5 48. Rb8+ Kc5 49. Rb5+ Kxc4 50. Rxa5 g4 51. Ra8 g3 52. a5 f5 53. a6 Kb5 54. a7 Ka6 55. Kc2 f4 56. Kd2 Kb7 57. Rg8 Kxa7 58. Ke2 Rf2+ 59. Kd3 Kb6 60. Ke4 g2 61.
Rg5 f3 62. Ke3 Rf1 0-1

[Event "Early-Titled-Tuesday-Blitz-October-03-2023"]
[Site "Chess.com"]
[Date "2023.10.03"]
[Round "1"]
[White "Oleksandr_Bortnyk"]
[Black "guillembaches"]
[Result "1-0"]
[WhiteElo "3015"]
[BlackElo "2508"]
[TimeControl "180+1"]
[EndTime "8:07:58 PDT"]
[Termination "Oleksandr_Bortnyk won on time"]

1. e4 c5 2. c3 d5 3. exd5 Qxd5 4.
Nf3 Nc6 5. Na3 Bg4 6. Be2 e5 7. Qa4 Nf6 8. Nb5 Qd7 9. h3 Bxf3 10. Bxf3 Be7 11. O-O O-O 12. Re1 a6 13. Na3 b5 14.
Qh4 Nd5 15. Qg4 f5 16. Bxd5+ Qxd5 17. Qe2 c4 18. Nc2 f4 19. Qe4 Rad8 20. Qxd5+ Rxd5 21. b3 cxb3 22. axb3 a5 23. f3 Rfd8 24. Re4 b4 25. Kf1 bxc3 26. dxc3 Rd1+ 27. Ne1 Bh4 28. c4 R8d2 29.
Bxd2 Rxa1 30. Bc3 Rb1 31. Ke2 Bxe1 32. Bxe1 Rxb3 33. g3 g5 34. h4 h6 35. hxg5 hxg5 36.
gxf4 gxf4 37. c5 Nd4+ 38. Kd1 Rd3+ 39. Kc1 Rxf3 40. Rxe5 Rf1 41. Kb2 f3 42. Bc3 Nb5 43.
Bxa5 Kg7 44. c6 Kf6 45. Rxb5 f2 46. Bc3+ Kg6 47. c7 Rb1+ 48. Ka2 f1=Q 49. c8=Q Rd1 50. Qg8+ 1-0

[Event "Early-Titled-Tuesday-Blitz-October-03-2023"]
[Site "Chess.com"]
[Date "2023.10.03"]
[Round "1"]
[White "Mr_Lion22"]
[Black "GroovyKettle"]
[Result "0-1"]
[WhiteElo "2506"]
[BlackElo "2970"]
[TimeControl "180+1"]
[EndTime "8:07:59 PDT"]
[Termination "GroovyKettle won by resignation"]

1. d4 Nf6 2. c4 e6 3. Nc3 Bb4 4. f3 d5 5. a3 Be7 6. e4 dxe4 7. fxe4 O-O 8. e5 Ne8 9. Nf3 b6 10. Bd3 Bb7 11. Be3 Nd7 12. O-O g6 13. Ne4 c5 14.
Bc2 cxd4 15. Qxd4 Ng7 16. Nd6 Bxf3 17. Rxf3 Nxe5 18. Qxe5 Bxd6 19. Qc3 Bc5 20. Rd1 Qc7 21. Kh1 Bxe3 22. Rxe3 Rad8 23. Red3 Rxd3 24. Qxd3 Rc8 25. b3 Nf5 26. g4 Qc6+ 27. Kg1 Qc5+ 28. Kh1 Ne3 29. Rc1 Nxg4 30. Qd7 Rc7 31. Qd8+ Kg7 32. h3 Qe3 33. hxg4 Qxc1+ 34. Bd1 Rc5 35. Qd4+ e5 36. Qd3 Qxa3 37. g5 Qc1 38. Qd8 Qf4 39. Bg4 h6 40. gxh6+ Qxh6+ 41. Kg2 Qf4 42. Bf3 e4 43.
Qd4+ Re5 44. Be2 Qf6 45. Qe3 Rg5+ 46. Kh3 Qf5+ 47. Kh4 Rh5+ 48. Bxh5 Qxh5+ 49. Kg3 Qf3+ 50. Qxf3 exf3 51. Kxf3 Kf6 52. b4 Ke6 53. Ke4 Kd6 0-1

[Event "Early-Titled-Tuesday-Blitz-October-03-2023"]
[Site "Chess.com"]
[Date "2023.10.03"]
[Round "1"]
[White "CrushingKings"]
[Black "JimDiGrease"]
[Result "0-1"]
[WhiteElo "2502"]
[BlackElo "2917"]
[TimeControl "180+1"]
[EndTime "8:07:59 PDT"]
[Termination "JimDiGrease won by resignation"]

1. Nf3 d5 2. g3 Nf6 3. Bg2 c5 4. O-O e6 5. d4 cxd4 6. Nxd4 e5 7. Nb3 Be6 8. c4 Nc6 9. cxd5 Nxd5 10. Bd2 Be7 11.
Nc3 Ndb4 12. Ne4 b6 13. a3 Nd5 14. Rc1 Rc8 15. Ng5 Bxg5 16. Bxg5 Qd7 17. Qd3 f6 18. Rfd1 Nce7 19. Rxc8+ Qxc8 20. Bc1 O-O 21. e4 Nc7 22. f4 Nc6 23. Be3 Rd8 24. Qc2 Rxd1+ 25.
Qxd1 Qe8 26. f5 Bf7 27. g4 Nb5 28. Bf1 Nbd4 29. Nxd4 exd4 30. Bxd4 Qd8 31. e5 fxe5 32.
Qa4 Qxd4+ 33. Qxd4 Nxd4 34. Kf2 Kf8 35. Ke3 Ke7 36.
Ke4 Kd6 37. Ba6 Bd5+ 38. Ke3 Nc2+ 39. Kd2 Nd4 40. Ke3 Nc6 41. Bc8 Ne7 42. Ba6 g6 43. f6 Nc6 44. g5 Nd4 45. Bd3 Nf5+ 46. Bxf5 gxf5 47. h4 Ke6 48. h5 f4+ 49. Kf2 Kf5 50. g6 hxg6 51. h6 Kxf6 52. h7 Kg7 0-1

[Event "Early-Titled-Tuesday-Blitz-October-03-2023"]
[Site "Chess.com"]
[Date "2023.10.03"]
[Round "1"]
[White "noblerone"]
[Black "BilodeauA"]
[Result "0-1"]
[WhiteElo "2501"]
[BlackElo "2910"]
[TimeControl "180+1"]
[EndTime "8:07:59 PDT"]
[Termination "BilodeauA won by resignation"]

1. d4 d5 2. Nf3 Nf6 3. Bg5 e6 4.
Nbd2 Be7 5. e3 b6 6. Ne5 Bb7 7.
Bd3 Nbd7 8. f4 c5 9. c3 O-O 10. O-O Ne8 11. Bxe7 Qxe7 12. Qf3 Nd6 13. Nxd7 Qxd7 14.
Qh3 Ne4 15. Nf3 f6 16. Rad1 cxd4 17. exd4 b5 18. Nd2 a5 19. Rfe1 f5 20. Nf3 b4 21.
Ne5 Qa4 22. Bb1 bxc3 23. bxc3 Rac8 24. Rc1 Ba6 25. g4 Qa3 26. gxf5 exf5 27. Nd7 Rf7 28. Bxe4 dxe4 29. Nc5 Rc6 30. Qh4 Rxc5 31. dxc5 Qxc5+ 32. Qf2 Qc4 33. Qd4 h6 34. Qxc4 Bxc4 35. a3 Bd3 36.
Red1 Rc7 37. Kf2 Rc4 38. Ke3 Kf7 39. Rd2 g5 40. Rb2 Kg6 41. Rb6+ Kh5 42. Rf6 Rc5 43. Ra1 Rxc3 44. Rxf5 Kg4 45. Rxa5 gxf4+ 46. Kd4 Rc4+ 47. Ke5 e3 48. Rg1+ Kf3 49. Rd5 Be2 50. Rd4 Rxd4 51. Kxd4 Kf2 52. Rg6 Bg4 53. Rxg4 f3 54.
Kd3 e2 55. Re4 e1=Q 56. Rxe1 Kxe1 57. a4 f2 0-1

[Event "Early-Titled-Tuesday-Blitz-October-03-2023"]
[Site "Chess.com"]
[Date "2023.10.03"]
[Round "1"]
[White "ChessRespected"]
[Black "Better_Chess_Faster"]
[Result "1-0"]
[WhiteElo "2529"]
[BlackElo "2012"]
[TimeControl "180+1"]
[EndTime "8:08:00 PDT"]
[Termination "ChessRespected won by resignation"]

1. d4 d5 2. Nf3 Nf6 3. e3 c6 4. c4 e6 5. Nc3 Nbd7 6. Bd3 dxc4 7.
Bxc4 b5 8. Bd3 Bd6 9. a4 b4 10. Ne4 Nxe4 11. Bxe4 Bb7 12. a5 a6 13. Nd2 Qc7 14.
Nc4 Be7 15. O-O O-O 16. Bd2 Rab8 17. Rc1 c5 18. Qf3 Bxe4 19. Qxe4 Qb7 20. Qxb7 Rxb7 21.
dxc5 Nxc5 22. Rcd1 Rd8 23. Nb6 Nb3 24. Bxb4 Rxd1 25.
Rxd1 f6 26. Bxe7 Rxe7 27. Rd6 Nxa5 28. b4 Nb3 29. g4 e5 30. Nd5 Ra7 31. Kg2 a5 32. b5 a4 33. Ra6 Rb7 34. b6 Nc5 35.
Ra5 Nd7 36. Rxa4 Kf7 37. Ra7 Nc5 38. e4 Ke6 39. f3 g6 40. h4 f5 41. Rxb7 Nxb7 42.
Kf2 fxe4 43. fxe4 h5 44. gxh5 gxh5 45. Ke3 Nd6 46. Nc7+ Kd7 47. Na6 Kc6 48. Nb4+ Kxb6 49. Nd5+ Kc6 50. Nf6 Kc7 51. Nxh5 Kd7 52. Kf3 Ke6 53.
Ng3 Kf6 54. Kg4 Kg6 55. h5+ Kh6 56. Nf5+ Nxf5 57. Kxf5 Kxh5 58. Kxe5 Kg6 59. Ke6 Kg7 60. Ke7 Kg6 61. e5 1-0

[Event "Early-Titled-Tuesday-Blitz-October-03-2023"]
[Site "Chess.com"]
[Date "2023.10.03"]
[Round "1"]
[White "WindWhistler11"]
[Black "LionTheLeon_06"]
[Result "0-1"]
[WhiteElo "2462"]
[BlackElo "2816"]
[TimeControl "180+1"]
[EndTime "8:08:02 PDT"]
[Termination "LionTheLeon_06 won by resignation"]

1. Nf3 Nf6 2. g3 b6 3. Bg2 Bb7 4. d3 d5 5. Nbd2 c5 6. O-O e6 7.
e4 Be7 8. c3 Nc6 9. e5 Nd7 10.
Re1 O-O 11. h4 Qc7 12. Qe2 Rfc8 13. Nf1 b5 14. Bf4 Qd8 15. N1h2 Bf8 16. h5 h6 17. g4 Ne7 18. g5 hxg5 19. Bxg5 Qc7 20. Ng4 Nf5 21. Qd2 b4 22. h6 g6 23. Nh4 Kh7 24. Bf6 bxc3 25. bxc3 d4 26. Bg7 Be7 27. Nxf5 exf5 28. Nf6+ Nxf6 29. exf6 Bd6 30. c4 Rab8 31. Rab1 Bxg2 32. Kxg2 Qc6+ 33. f3 Qc7 34. Rxb8 Rxb8 35. Re2 Bf4 36. Qe1 Be3 37. Qg3 f4 38. Qg5 Qc8 39.
Qd5 Qb7 40. Qxc5 Re8 41. Qb5 Qc8 42. Rb2 Bc1 43. Rf2 Re1 44. Qd5 Qe8 45. Qxd4 Be3 46.
Qe4 Qxe4 47. fxe4 Bxf2 48. Kxf2 Re3 49. c5 Rxd3 50. e5 Re3 51. Bf8 Rxe5 52. c6 Re3 53. Bd6 Rc3 54. c7 g5 55. Ke2 Kxh6 56. Kd2 Rc6 57.
Be5 Kg6 58. Kd3 Kf5 59. Kd4 Ke6 60. Ke4 f3 61. Bg3 f2 62. Bxf2 Rxc7 0-1

[Event "Early-Titled-Tuesday-Blitz-October-03-2023"]
[Site "Chess.com"]
[Date "2023.10.03"]
[Round "1"]
[White "jeetjain"]
[Black "LaPiToB"]
[Result "0-1"]
[WhiteElo "2588"]
[BlackElo "2281"]
[TimeControl "180+1"]
[EndTime "8:08:02 PDT"]
[Termination "LaPiToB won on time"]

1. Nf3 Nf6 2. g3 e6 3. Bg2 d5 4. O-O c5 5. d4 Nc6 6. c4 dxc4 7. dxc5 Qxd1 8. Rxd1 Bxc5 9. Nbd2 c3 10. bxc3 O-O 11. Nb3 Be7 12. c4 Bd7 13. Bb2 Rfc8 14. Rac1 Be8 15. Nfd4 Rab8 16. Nb5 a6 17. Nd6 Bxd6 18. Rxd6 Ne7 19. c5 Bc6 20. Bxf6 gxf6 21.
Rcd1 Bxg2 22. Kxg2 Rc7 23. Rd7 Rbc8 24. e4 f5 25. f3 fxe4 26. fxe4 Ng6 27. Rxc7 Rxc7 28.
h4 Ne5 29. Kf2 Nd7 30. Rc1 b6 31. cxb6 Rxc1 32. Nxc1 Nxb6 33. Ke3 Kg7 34. Kd4 Kf6 35. Nd3 Ke7 36. g4 Kd6 37. e5+ Kc6 38. Nf4 Kd7 39. a3 Na4 40. Nh5 Ke7 41. Nf6 h6 42. Ng8+ Kf8 43.
Nxh6 Kg7 44. g5 Kg6 45. Ke4 Nc3+ 46. Kf4 Nb5 47. Kg4 Nxa3 48. h5+ Kg7 49. Kf4 Nc4 50. Ng4 a5 51. h6+ Kg6 52. Ke4 a4 53. Kd4 a3 54.
Kc3 a2 55. Kxc4 a1=Q 56. Kc5 Qg1+ 57. Kd6 Qxg4 0-1

[Event "Early-Titled-Tuesday-Blitz-October-03-2023"]
[Site "Chess.com"]
[Date "2023.10.03"]
[Round "1"]
[White "Biregina"]
[Black "baki83"]
[Result "0-1"]
[WhiteElo "2464"]
[BlackElo "2819"]
[TimeControl "180+1"]
[EndTime "8:08:04 PDT"]
[Termination "baki83 won on time"]

1. d4 Nf6 2. Bf4 h6 3. Nc3 d6 4. e4 g5 5. Be3 Bg7 6. Be2 a6 7. a4 Nc6 8. h4 g4 9. h5 e5 10. d5 Nd4 11. Bxd4 exd4 12. Qxd4 Nxh5 13. Qe3 Qg5 14. Qxg5 hxg5 15. g3 Bd7 16. O-O-O O-O-O 17. Bd3 Bd4 18. Rf1 Bxc3 19. bxc3 Bxa4 20. Ne2 c5 21. dxc6 Bxc6 22. Nd4 Nf6 23. Nxc6 bxc6 24. Bxa6+ Kc7 25. Bd3 Nd7 26. Kd2 Ne5 27. Ke3 Ra8 28. Rxh8 Rxh8 29. Ra1 Kd7 30. Ra7+ Ke6 31. Be2 Rh1 32. Ra8 Ke7 33.
Ra7+ Kf6 34. Ra6 Rc1 35. Kd2 Rb1 36. Ke3 Ke6 37. Kd2 Nf3+ 38. Bxf3 gxf3 39. Ke3 g4 40. Ra5 c5 41. Ra8 Re1+ 42. Kd3 Re2 43. Rg8 Rxf2 44. Rxg4 Rg2 45. Ke3 Rxc2 46. Kxf3 Rxc3+ 47. Kf4 Rc4 48. Kf3 Rc3+ 49. Kf4 Rc1 50. Rg8 Re1 51. Re8+ Kf6 52. Rc8 Ke7 53. Rc7+ Ke6 54. g4 Rf1+ 55. Ke3 Rc1 56.
Kf4 Rc3 57. Rc8 Kd7 58. Rf8 Ke7 59. Rc8 Rc1 60. Rc7+ Kf6 61. Rc6 Ke6 62. Rc7 Rc4 63. Kf3 Ra4 64. Ke3 Ra8 65. Kf3 Ke5 0-1

[Event "Early-Titled-Tuesday-Blitz-October-03-2023"]
[Site "Chess.com"]
[Date "2023.10.03"]
[Round "1"]
[White "Magila31"]
[Black "GalaxyRoman"]
[Result "0-1"]
[WhiteElo "2408"]
[BlackElo "2730"]
[TimeControl "180+1"]
[EndTime "8:08:04 PDT"]
[Termination "GalaxyRoman won on time"]

1. d4 Nf6 2. c4 e6 3. Nc3 Bb4 4.
Nf3 b6 5. g3 Bb7 6. Bg2 O-O 7.
O-O Bxc3 8. bxc3 d6 9. Ne1 Bxg2 10. Nxg2 Nc6 11. f3 Na5 12. Qd3 c5 13. d5 e5 14.
e4 Qd7 15. Bg5 Ne8 16. g4 f6 17. Bh4 g6 18. Ne3 Ng7 19. Bg3 f5 20. Bh4 f4 21.
Nd1 Rfb8 22. a4 a6 23. Bf6 Kf7 24. Bxg7 Kxg7 25. Nf2 Rb7 26. Kg2 Rab8 27. h4 h6 28. g5 h5 29. Rfb1 Qc7 30. Rb2 b5 31. cxb5 c4 32.
Qe2 Qc5 33. Rab1 axb5 34. axb5 Nb3 35. Ra2 Qxb5 36. Rbb2 Qc5 37. Nd1 Nc1 38. Rxb7+ Rxb7 39. Qc2 Nxa2 40. Qxa2 Qb5 41. Qa8 Qb6 42. Qa4 Qb3 43.
Qa6 Rf7 44. Nf2 Qxc3 45. Qxd6 Qd4 46. Qc6 c3 47. d6 Qd2 48. d7 Rxd7 49. Qc5 c2 50.
Qxe5+ Kh7 0-1

[Event "Early-Titled-Tuesday-Blitz-October-03-2023"]
[Site "Chess.com"]
[Date "2023.10.03"]
[Round "1"]
[White "wqws"]
[Black "ViktoriyaTarasova"]
[Result "0-1"]
[WhiteElo "2658"]
[BlackElo "2385"]
[TimeControl "180+1"]
[EndTime "8:08:06 PDT"]
[Termination "ViktoriyaTarasova won by checkmate"]

1. e4 e5 2. Nf3 Nc6 3. Bb5 Nf6 4. O-O Nxe4 5. d4 Nd6 6. Bxc6 dxc6 7. dxe5 Nf5 8. Qxd8+ Kxd8 9. Nc3 Bd7 10. Rd1 Kc8 11. Ne4 h6 12. h4 Be7 13. b3 Nxh4 14. Nxh4 Bxh4 15. Ba3 b6 16. Rd4 Bd8 17. Rad1 Be6 18. f4 c5 19. R4d2 Be7 20. Rf1 g6 21. c4 Kb7 22. Bb2 Rad8 23. Rfd1 Rxd2 24. Rxd2 Rd8 25. Rxd8 Bxd8 26. Kf2 Kc6 27. Ke3 a6 28. a4 b5 29.
axb5+ axb5 30. Nd2 bxc4 31. bxc4 Bh4 32. Ba3 g5 33. Ne4 gxf4+ 34. Kxf4 Bxc4 35. Bxc5 Bd5 36. Bf8 Bxe4 37. Kxe4 Bg5 38. Kd4 Bc1 39. g4 Bg5 40. Ke4 Kb5 41. Kd5 Bd2 42. Be7 c6+ 43. Ke4 c5 44. Kf5 c4 45. Kf6 Bg5+ 46. Kxf7 Bxe7 47.
Kxe7 c3 48. e6 c2 49. Kf8 c1=Q 50. e7 Qf4+ 51. Kg8 Qxg4+ 52. Kh7 Qe6 53. Kh8 Qxe7 54. Kg8 Kc6 55. Kh8 Kd6 56. Kg8 h5 57. Kh8 h4 58.
Kg8 h3 59. Kh8 h2 60. Kg8 Ke6 61. Kh8 h1=Q+ 62. Kg8 Qg2+ 63. Kh8 Qh4# 0-1

[Event "Early-Titled-Tuesday-Blitz-October-03-2023"]
[Site "Chess.com"]
[Date "2023.10.03"]
[Round "1"]
[White "ArtemDyachuk"]
[Black "KorolDimitriy75"]
[Result "1-0"]
[WhiteElo "2685"]
[BlackElo "2385"]
[TimeControl "180+1"]
[EndTime "8:08:07 PDT"]
[Termination "ArtemDyachuk won on time"]

1. e4 c5 2. Nf3 d6 3. d4 cxd4 4. Nxd4 Nf6 5. Nc3 g6 6. Be3 Bg7 7. f3 O-O 8. Bc4 Nc6 9. Qd2 Bd7 10. O-O-O Qa5 11. Nb3 Qb4 12. Bb5 Na5 13. Bxd7 Nc4 14. a3 Nxd2 15. axb4 Nxb3+ 16. cxb3 Nxd7 17. Kb1 Rfc8 18. Nd5 Kf8 19. h4 h6 20. g4 e6 21.
Nf4 Ke7 22. Nd3 Ne5 23. Nxe5 Bxe5 24. Bxh6 Rc6 25. Bg5+ Bf6 26. Be3 a6 27. g5 Bg7 28.
h5 gxh5 29. Rxh5 Rg8 30. b5 axb5 31. g6 fxg6 32. Rxb5 Rc7 33. Rb6 Rd7 34. Bf4 e5 35. Bg5+ Ke6 36. Rd3 Rf8 37. Bd2 Bf6 38. Bb4 Be7 39. Kc2 Rf7 40. Kd2 Rh7 41. Ba3 Rh2+ 42. Kc3 Rf2 43. Kb4 Re2 44. Ka4 Rf2 45. b4 Rf1 46. b5 Rf2 47. Kb4 Rf1 48. Kb3 Rf2 49.
Ka2 Rf1 50. Rc3 Rf2 51. Rc8 Rxf3 52. Rb8 Re3 53. R8xb7 Rxe4 54. Rxd7 Kxd7 55. Rb7+ Ke6 56. b6 1-0

[Event "Early-Titled-Tuesday-Blitz-October-03-2023"]
[Site "Chess.com"]
[Date "2023.10.03"]
[Round "1"]
[White "rikchessmx"]
[Black "IwkooO"]
[Result "0-1"]
[WhiteElo "2350"]
[BlackElo "2650"]
[TimeControl "180+1"]
[EndTime "8:08:07 PDT"]
[Termination "IwkooO won on time"]

1. e4 e5 2. Nf3 Nc6 3. Bb5 a6 4. Ba4 Nf6 5. O-O b5 6. Bb3 Bc5 7. d3 O-O 8. Bg5 h6 9. Bh4 Re8 10. Nc3 Be7 11. a3 d6 12. h3 Be6 13. Bxe6 fxe6 14.
Bxf6 Bxf6 15. Nh2 Rf8 16. Ne2 Bg5 17. c3 Ne7 18. Ng3 Ng6 19. Qg4 Rf4 20. Qxe6+ Kh7 21.
Nf5 Nh4 22. g3 Nf3+ 23. Kg2 Nxh2 24. gxf4 Bxf4 25. Ng3 Nxf1 26. Rxf1 Qh4 27. Qf5+ Kh8 28. Qg4 Qe7 29. Nh5 Rf8 30. h4 Kh7 31. Rh1 g6 32.
Ng3 h5 33. Qe2 Bh6 34. d4 Rf4 35. d5 Rxh4 36. Rxh4 Qxh4 37. a4 Qg5 38. Kh2 Qf4 39. Kg2 h4 40. Nf1 bxa4 41. f3 Qc1 42. Nh2 Bf4 43. Ng4 Kg7 44. c4 a3 45. bxa3 Qxa3 46. Kh3 Bg3 47. Qd2 Qc5 48. Qh6+ Kf7 49. Qh7+ Kf8 50.
Qh8+ Ke7 51. Qf6+ Ke8 52. Qe6+ Kf8 53. Qf6+ Ke8 54. Qe6+ Kf8 55. Nh6 Kg7 0-1

[Event "Early-Titled-Tuesday-Blitz-October-03-2023"]
[Site "Chess.com"]
[Date "2023.10.03"]
[Round "1"]
[White "NCchamp"]
[Black "meoluoi91"]
[Result "0-1"]
[WhiteElo "2330"]
[BlackElo "2634"]
[TimeControl "180+1"]
[EndTime "8:08:07 PDT"]
[Termination "meoluoi91 won by resignation"]

1. e4 c6 2. d4 d5 3. e5 g6 4. h4 h5 5. Be2 Nh6 6. f3 Bg7 7. g4 c5 8. c3 Nc6 9. gxh5 gxh5 10.
f4 Ng4 11. Nf3 cxd4 12. cxd4 Bf5 13. Nc3 e6 14. Qb3 Qb6 15. Qxb6 axb6 16. Nb5 O-O-O 17.
Bd2 Bf8 18. a3 Kb8 19. Ng5 Rd7 20. O-O-O Bg6 21. Rdf1 Be7 22. Nf3 Rc8 23. Kd1 Be4 24.
Rh3 f6 25. Nh2 Bg2 26. Bxg4 hxg4 27. Rg3 Bxf1 28. Nxf1 f5 29. h5 Rh8 30. Ne3 Rxh5 31. Rg1 Rh2 32. Bc3 Bf8 33. Nf1 Rh3 34. Nd2 Bh6 35.
Rf1 Nd8 36. Nd6 Nf7 37. Ne8 Nd8 38. Nf6 Rf7 39. Bb4 Bf8 40. Bc3 Kc7 41. Rg1 Nc6 42. Nf1 Be7 43. Ng8 Bh4 44. Nd2 Bf2 45. Rf1 Bxd4 46.
Bxd4 Nxd4 47. Kc1 g3 48. Nf6 g2 49. Rg1 Ne2+ 0-1

[Event "Early-Titled-Tuesday-Blitz-October-03-2023"]
[Site "Chess.com"]
[Date "2023.10.03"]
[Round "1"]
[White "AnaKuchava"]
[Black "Russian_berezka"]
[Result "0-1"]
[WhiteElo "2256"]
[BlackElo "2601"]
[TimeControl "180+1"]
[EndTime "8:08:09 PDT"]
[Termination "Russian_berezka won by resignation"]

1. d4 Nf6 2. Nf3 d5 3. c4 e6 4. Nc3 Bb4 5. Qa4+ Nc6 6. e3 O-O 7. Bd3 dxc4 8. Bxc4 a6 9. Qc2 Bd6 10. O-O e5 11. dxe5 Nxe5 12. Nxe5 Bxe5 13. f4 Bd6 14. Bd2 Bc5 15. Rae1 Re8 16. Kh1 Ng4 17. Rf3 Qh4 18. h3 Nf6 19. e4 Bg4 20. Rd3 Rad8 21. e5 Nh5 22. Ne4 Be7 23. Rf1 Bf5 24. Be1 Bxe4 25. Bxh4 Bxd3 26. Bxd3 Bxh4 27. Bxh7+ Kh8 28. Bf5 Ng3+ 29.
Kg1 Nxf1 30. Kxf1 c6 31. Qb3 Re7 32. Qf3 g6 33. Bd3 Red7 34. Bc2 Rd2 35. Qg4 Be7 36. Bxg6 fxg6 37. Qxg6 Rd1+ 38. Ke2 R1d2+ 39. Kf3 R2d3+ 40. Ke4 R3d4+ 41. Kf5 Bf8 42. Qh5+ Kg8 43. Qg6+ Bg7 44. Qe6+ Kh8 45. Qg6 Rf8+ 46. Ke6 Rdxf4 47. Qh5+ Kg8 48. Ke7 Re4 49. e6 Bf6+ 50. Kd7 Rd8+ 51. Kc7 Rxe6 52. Qg6+ Kf8 53. Qh7 Re7+ 54. Qxe7+ Kxe7 55. Kb6 Bxb2 0-1

[Event "Early-Titled-Tuesday-Blitz-October-03-2023"]
[Site "Chess.com"]
[Date "2023.10.03"]
[Round "1"]
[White "WPWPWP-2015"]
[Black "rasmussvane"]
[Result "0-1"]
[WhiteElo "2505"]
[BlackElo "2958"]
[TimeControl "180+1"]
[EndTime "8:08:13 PDT"]
[Termination "rasmussvane won on time"]

1. d4 d5 2. g3 Bf5 3. Bg2 e6 4.
Nf3 h6 5. O-O Nf6 6. Nbd2 Be7 7.
b3 O-O 8. Bb2 a5 9. a4 Na6 10.
e3 c6 11. c3 Re8 12. Re1 Bh7 13. Ne5 Nd7 14. f4 Nc7 15. e4 dxe4 16. Nxe4 Nd5 17. Qh5 Rf8 18. Qe2 Qc7 19. Rad1 Rad8 20. c4 N5f6 21.
Nxf6+ Bxf6 22. c5 Rfe8 23. Nc4 b6 24. Bc3 Nxc5 25. Ne5 Bxe5 26. fxe5 Nd7 27. Qc4 c5 28. d5 exd5 29. Bxd5 Nf8 30. Rf1 Bg6 31. Rd2 Rd7 32. e6 fxe6 33. Bg2 Rxd2 34. Bxd2 Qd7 35. Qf4 e5 36. Qf2 Ne6 37. Bh3 Qd5 38. Be3 Nd4 39. Bg2 Qxb3 40. Qd2 Qd3 41. Qf2 Kh7 42. Re1 Re7 43. Bf1 Qc3 44. Bg2 Rf7 45. Qd2 Qxd2 46.
Bxd2 e4 47. Bf4 Rd7 48. Rb1 e3 0-1

[Event "Early-Titled-Tuesday-Blitz-October-03-2023"]
[Site "Chess.com"]
[Date "2023.10.03"]
[Round "1"]
[White "Kgutierrez95"]
[Black "FoxOnTheRun97"]
[Result "1-0"]
[WhiteElo "2146"]
[BlackElo "2518"]
[TimeControl "180+1"]
[EndTime "8:08:15 PDT"]
[Termination "Kgutierrez95 won by resignation"]

1. e4 c6 2. d4 d5 3. Nc3 dxe4 4. Nxe4 Bf5 5. Ng3 Bg6 6. h4 h6 7. h5 Bh7 8. Nf3 e6 9. Bd3 Bxd3 10. Qxd3 Nd7 11.
Bf4 Qa5+ 12. Bd2 Qc7 13. O-O-O Ngf6 14. Kb1 Bd6 15. Ne4 Nxe4 16. Qxe4 Nf6 17. Qe2 O-O-O 18. c4 c5 19. Bc3 Kb8 20. Ne5 Qe7 21. f4 Rhg8 22. Rd2 Bxe5 23. dxe5 Nd7 24. Rhd1 Nb6 25. Rd6 Nc8 26. R6d3 Nb6 27. b3 Nc8 28. R1d2 Rxd3 29. Rxd3 Rd8 30. Qd1 Rxd3 31. Qxd3 b6 32. Be1 Kc7 33.
Kc2 Qd7 34. Bh4 a6 35. g4 Na7 36. Qxd7+ Kxd7 37. Kd3 Nc6 38. Bf2 Ke7 39. a3 f6 40. Bg3 fxe5 41. fxe5 Kf7 42. Bf4 Nd4 43. b4 Nc6 44. Kc3 cxb4+ 45. axb4 a5 46. bxa5 bxa5 47. c5 Ke7 48. Kc4 Kd7 49. Kb5 Kc7 50. Bd2 Nxe5 51. Bf4 Kd7 52. Bxe5 g5 53. hxg6 1-0

[Event "Early-Titled-Tuesday-Blitz-October-03-2023"]
[Site "Chess.com"]
[Date "2023.10.03"]
[Round "1"]
[White "Haykoooo0o"]
[Black "sokidze"]
[Result "0-1"]
[WhiteElo "2450"]
[BlackElo "2791"]
[TimeControl "180+1"]
[EndTime "8:08:16 PDT"]
[Termination "sokidze won by resignation"]

1. e4 c5 2. Nc3 Nc6 3. Nf3 g6 4. d4 cxd4 5. Nxd4 Bg7 6. Be3 Nf6 7. Be2 O-O 8. O-O d5 9. Nxc6 bxc6 10. exd5 Nxd5 11. Nxd5 cxd5 12. Bd4 e5 13. Bc5 Re8 14. c3 a6 15. b4 Bb7 16. Qb3 Qc7 17. Rad1 Red8 18. a4 Bf8 19. Bxf8 Kxf8 20. b5 a5 21. c4 d4 22. Qa3+ Kg7 23. c5 Qe7 24. Rc1 Rac8 25. f3 Rd5 26. Rfe1 Rdxc5 27. Rcd1 Qg5 28.
Bf1 Rc3 29. Qd6 Re8 30. Rxd4 Re6 31. Qd8 Qf5 32. Rd7 Bxf3 33. gxf3 Qxf3 34. Rc7 Rxc7 35. Qxc7 Rf6 36. Qc2 Qg4+ 37. Qg2 Qd4+ 38. Kh1 Rf2 39.
Qg3 Rf4 40. Bg2 h5 41. Qe3 Qxe3 42. Rxe3 Rxa4 43. h3 Kf6 44. Rc3 Rb4 45. Rc6+ Kg5 46. b6 a4 47. Rd6 a3 48. Bd5 f5 49. b7 a2 50. Bxa2 Rxb7 51. Bd5 Rb1+ 52. Kg2 Rb2+ 53. Kf3 e4+ 54. Ke3 Rh2 55. Kd4 Rxh3 56. Bf7 Rd3+ 57.
Ke5 Rxd6 58. Kxd6 e3 59. Bc4 h4 60. Ke5 h3 61. Bf1 h2 62. Bg2 e2 0-1

[Event "Early-Titled-Tuesday-Blitz-October-03-2023"]
[Site "Chess.com"]
[Date "2023.10.03"]
[Round "1"]
[White "artin10862"]
[Black "Agent-JL"]
[Result "1-0"]
[WhiteElo "2835"]
[BlackElo "2469"]
[TimeControl "180+1"]
[EndTime "8:08:17 PDT"]
[Termination "artin10862 won by resignation"]

1. e4 c5 2. Nf3 e6 3. d4 cxd4 4. Nxd4 Nc6 5. Nc3 Qc7 6. Be3 a6 7. a3 b5 8. g4 Bb7 9. Qd2 Ne5 10.
f3 d6 11. O-O-O Nf6 12. h4 Nfd7 13. Nb3 Nxf3 14. Qf2 Nfe5 15. Be2 Be7 16. g5 Rc8 17.
Qg2 Nb6 18. h5 Nbc4 19. Bd4 O-O 20. Kb1 Nc6 21. Bf2 N6e5 22. Rh3 Qc6 23. Rdh1 a5 24. Nd4 Qd7 25. Ndxb5 Ba6 26. a4 Rb8 27. Bd4 Rfc8 28. Qh2 Bf8 29. Qf2 Qd8 30. Qg2 Nd2+ 31. Kc1 Ndc4 32. b3 Nb6 33. Kb2 Nbd7 34. Rg1 Nc5 35. Qf2 Ncd7 36. Rhg3 Qe8 37. Bf1 Be7 38. Bh3 Nf8 39. Rf1 Bb7 40. Re1 Qd7 41. Bb6 Rc6 42. Bxa5 Rbc8 43. Rd1 Ra6 44. Bb4 Qc6 45. Bxd6 Qe8 46.
Bxe5 Bc5 47. Qd2 Qe7 48. Rd3 Bc6 49. h6 f6 50. gxf6 gxf6 51. Rg3+ Ng6 52. Bd6 Bxd6 53.
Qxd6 Qxd6 54. Nxd6 Re8 55. Nxe8 Bxe8 56. Bf1 Kf7 57. Bb5 Ne5 58. Bxa6 Bc6 59. Rg7+ Ke8 60. Bb5 1-0